[Event "1st Irena Warakomska Memorial"]
[Site "Suwalki"]
[Date "2017.08.13"]
[Round "4"]
[White "Sagar, Shah"]
[Black "Mulet, Piotr"]
[Result "1-0"]
[ECO "A16"]
[WhiteElo "2397"]
[BlackElo "2295"]
[Annotator "ChessBase"]
[PlyCount "107"]
[EventDate "2017.??.??"]
[EventType "swiss"]
[EventCountry "POL"]
[SourceTitle "playchess.com"]
[Source "ChessBase"]
[SourceQuality "1"]
[TimeControl "40/5400+30:1800+30"]

1. c4 Nf6 2. Nc3 d5 3. cxd5 Nxd5 4. g3 g6 5. Bg2 Nb6 6. d3 Bg7 7. Be3 O-O 8. Qd2 Nc6 9. Bxc6 bxc6 10. Bh6 c5 11. Bxg7 Kxg7 12. Nf3 Bb7 13. Qe3 c4 14. Rd1 Bxf3 15. exf3 Qd6 16. dxc4 Nxc4 17. Rxd6 Nxe3 18. Rc6 Nc2+ 19. Kd2 Nd4 20. Rxc7 Rfd8 21. Kc1 Nxf3 22. Rxe7 Rd2 23. Re2 Rad8 24. Rhe1 Rxe2 25. Rxe2 Nxh2 26. Re7 a6 27. Ra7 Rd6 28. Ne4 Rc6+ 29. Kd2 h6 30. b4 g5 31. Nc5 Rf6 32. Ke2 Ng4 33. f3 Ne5 34. Rxa6 Rxf3 35. Nd7 Rf5 36. Ra5 Nc6 37. Rxf5 Nd4+ 38. Kf2 Nxf5 39. a4 h5 40. b5 Nd6 41. b6 Nb7 42. Ne5 Kf6 43. Nc6 Ke6 44. a5 Nxa5 45. Nxa5 Kd7 46. b7 Kc7 47. Nc6 Kxb7 48. Nd8+ Kc7 49. Nxf7 g4 50. Nh6 Kd6 51. Nf5+ Ke5 52. Ng7 h4 53. gxh4 Kf4 54. Nh5+ 1-0

[Event "1st Irena Warakomska Memorial"]
[Site "Suwalki"]
[Date "2017.08.14"]
[Round "5"]
[White "Teclaf, Pawel"]
[Black "Bartel, Marta"]
[Result "1-0"]
[ECO "B57"]
[WhiteElo "2373"]
[BlackElo "2313"]
[Annotator "NA"]
[PlyCount "88"]
[EventDate "2017.??.??"]
[EventType "swiss"]
[EventCountry "POL"]
[SourceTitle "playchess.com"]
[Source "ChessBase"]
[SourceQuality "1"]
[TimeControl "40/5400+30:1800+30"]

1. e4 c5 2. Nf3 Nc6 3. d4 cxd4 4. Nxd4 Nf6 5. Nc3 d6 6. Bc4 Qb6 7. Nb3 e6 8. Bf4 Ne5 9. Be2 Be7 10. Qd2 {B57: Classical Sicilian: Sozin with 6...Qb6} (10. Be3 Qc7 11. f4 Nc6 12. O-O O-O 13. Bf3 a6 14. a4 b6 15. g4 Re8 16. g5 Nd7 17. Bg2 Bb7 18. Rf3 Bf8 {1-0 (42) Palac,M (2578)-Jankovic,A (2564) Marija Bistrica 2011}) 10... a6 11. O-O-O O-O 12. g4 Nexg4 $146 ({Predecessor:} 12... Qc7 13. Bg3 b5 14. g5 b4 15. gxf6 bxc3 16. Qxc3 Qxc3 17. bxc3 gxf6 {1-0 (89) Teclaf,P (2200)-Krzywda,A (2113) Jastrzebia Gora 2015}) 13. Rhg1 Nxf2 14. Be3 N2xe4 15. Nxe4 Nxe4 16. Rxg7+ Kxg7 17. Rg1+ Kh8 18. Bd4+ Qxd4 19. Qxd4+ Nf6 20. Bd3 Rg8 21. Rxg8+ Kxg8 22. Qh4 Kf8 23. Bxh7 Nxh7 24. Qxh7 Bf6 25. Na5 d5 26. Qh6+ Bg7 27. Qh4 Ke8 28. Qg3 Bh6+ 29. Kd1 Bd7 30. Nxb7 Bf8 31. Qc7 Rc8 32. Nd6+ Bxd6 33. Qxd6 Rc6 34. Qb8+ Ke7 35. b3 a5 36. Qh8 Rc8 37. Qg7 Kd6 38. Qxf7 e5 39. h4 Be6 40. Qf2 d4 41. h5 Rh8 42. h6 Ke7 43. Qg3 Kd6 44. Qh4 $18 Kd5 1-0

[Event "1st Irena Warakomska Memorial"]
[Site "Suwalki"]
[Date "2017.08.14"]
[Round "5"]
[White "Plichta, Kamil"]
[Black "Kaczmarek, Aleksander"]
[Result "1-0"]
[ECO "B12"]
[WhiteElo "2341"]
[BlackElo "2368"]
[Annotator "ChessBase"]
[PlyCount "107"]
[EventDate "2017.??.??"]
[EventType "swiss"]
[EventCountry "POL"]
[SourceTitle "playchess.com"]
[Source "ChessBase"]
[SourceQuality "1"]
[TimeControl "40/5400+30:1800+30"]

1. e4 c6 2. d4 d5 3. e5 g6 4. c4 Bg7 5. Nc3 e6 6. Nf3 Ne7 7. Be2 Nd7 8. O-O O-O 9. Bf4 dxc4 10. Bxc4 Nb6 11. Bb3 Nbd5 12. Bg5 h6 13. Bd2 Nxc3 14. bxc3 b6 15. h4 Nf5 16. h5 gxh5 17. Bc2 Bb7 18. Be4 f6 19. exf6 Qxf6 20. Qe2 Qf7 21. Bf4 Kh7 22. g3 Rac8 23. Kg2 c5 24. Rae1 cxd4 25. cxd4 Rce8 26. Rh1 Rg8 27. a4 Bxe4 28. Qxe4 Bf6 29. d5 Qg6 30. dxe6 h4 31. Rhg1 hxg3 32. fxg3 Rc8 33. Kf2 Rgf8 34. Rd1 Be7 35. Rd7 Kg8 36. Re1 Bc5+ 37. Kg2 Be7 38. Re2 Rc3 39. Rxa7 Bc5 40. Rd7 Re3 41. Bxe3 Qxg3+ 42. Kf1 Bxe3 43. Rg2 Bg5 44. Kg1 Be3+ 45. Kh1 Bg5 46. Kg1 Be3+ 47. Kh1 Bg5 48. Qg4 Qxg4 49. Rxg4 Ne3 50. Rg3 Nf1 51. Rh3 Bf4 52. Rh4 Bg3 53. Rg4+ Kh8 54. e7 1-0

[Event "1st Irena Warakomska Memorial"]
[Site "Suwalki"]
[Date "2017.08.14"]
[Round "5"]
[White "Zakrzewski, Marek"]
[Black "Zylka, Stanislaw"]
[Result "0-1"]
[ECO "C45"]
[WhiteElo "2237"]
[BlackElo "2368"]
[Annotator "NA"]
[PlyCount "96"]
[EventDate "2017.??.??"]
[EventType "swiss"]
[EventCountry "POL"]
[SourceTitle "playchess.com"]
[Source "ChessBase"]
[SourceQuality "1"]
[TimeControl "40/5400+30:1800+30"]

1. e4 e5 2. Nf3 Nc6 3. d4 exd4 4. Nxd4 Nf6 5. Nxc6 bxc6 6. e5 Qe7 7. Qe2 Nd5 8. c4 Ba6 9. b3 g6 10. f4 {C45: Scotch Game} (10. g3 Bg7 11. Bb2 O-O 12. Bg2 Rfe8 13. O-O Bxe5 14. Qxe5 Qxe5 15. Bxe5 Rxe5 16. cxd5 Bxf1 17. Kxf1 cxd5 18. Na3 c6 19. Nc2 a5 20. Rd1 Kf8 {½-½ (82) Nepomniachtchi,I (2732)-Ding,L (2783) Khanty-Mansiysk 2017}) 10... g5 11. fxg5 Bg7 12. Bb2 Qxg5 13. Nd2 O-O-O $146 ({Predecessor:} 13... c5 14. Ne4 Qh4+ 15. g3 Qe7 16. Bg2 O-O-O 17. O-O Nb6 {1-0 (30) Kocks,F (2097)-Grehling,M (2190) GER email 2012}) 14. Nf3 Qg6 15. Qd3 Qxd3 16. Bxd3 Nf4 17. O-O-O Nxd3+ 18. Rxd3 Rhg8 19. g3 c5 20. Re1 Bb7 21. Ba3 d6 22. Bb2 Rge8 23. Bc3 d5 24. cxd5 Bxd5 25. Ng5 c4 26. bxc4 Bxc4 27. Rxd8+ Rxd8 28. a3 Bh6 29. h4 Rd3 30. Bd2 Rxa3 31. Re3 Ra1+ 32. Kb2 Ra2+ 33. Kc3 Bxg5 34. hxg5 Be6 35. Bc1 Rg2 36. Kb4 {[#]} (36. Rf3 $17 {keeps fighting.}) 36... c5+ $1 37. Kb5 $2 (37. Kc3) 37... Rc2 38. Ba3 Kb7 39. Ka5 Rc4 40. Rd3 $2 (40. Rf3) 40... Kc7 $2 41. Bb2 $1 Rc2 42. Ba3 Rc4 (42... Kc6 $19 43. Rd6+ Kb7) 43. Bb2 Bd7 $142 44. Ra3 Rb4 45. Bc3 Rb6 46. Ra2 Rb3 47. Ba1 Kb7 48. Rb2 Rb6 0-1

[Event "1st Irena Warakomska Memorial"]
[Site "Suwalki"]
[Date "2017.08.15"]
[Round "6"]
[White "Almasi, Istvan"]
[Black "Zielinski, Wojciech"]
[Result "1-0"]
[ECO "E16"]
[WhiteElo "2408"]
[BlackElo "2105"]
[Annotator "NA"]
[PlyCount "117"]
[EventDate "2017.??.??"]
[EventType "swiss"]
[EventCountry "POL"]
[SourceTitle "playchess.com"]
[Source "ChessBase"]
[SourceQuality "1"]
[TimeControl "40/5400+30:1800+30"]

1. d4 e6 2. c4 Nf6 3. Nf3 b6 4. g3 Bb7 5. Bg2 c5 6. d5 exd5 7. Ng5 {E16: Queen's Indian: 4 g3 Bb7 5 Bg2 Bb4+} Ne4 8. Nxe4 dxe4 9. Nc3 d5 $146 ({Predecessor:} 9... Be7 10. Nxe4 Nc6 11. Bf4 Na5 12. O-O O-O 13. Qc2 Qc8 14. Rad1 Bc6 {1-0 (84) Cheparinov,I (2681)-Ynojosa Aponte,F (2374) Istanbul 2012}) 10. Nxd5 Bxd5 11. Qxd5 Qxd5 12. cxd5 f5 13. Bf4 Kd7 14. Bh3 g6 15. g4 Bd6 16. Bxd6 Kxd6 17. gxf5 Kxd5 18. Rg1 Nc6 19. fxg6 hxg6 20. Rg5+ Kc4 21. Be6+ Kb4 22. a3+ Ka5 23. O-O-O Rad8 24. Bd5 Ne7 25. Bxe4 Rxd1+ 26. Kxd1 Rxh2 27. Ke1 Ka4 28. Bc2+ Kb5 29. Bxg6 Nxg6 30. Rxg6 Kc4 31. Rg3 b5 32. Rc3+ Kd5 33. Rd3+ Ke5 34. Re3+ Kd4 35. Re7 a5 36. f4 b4 37. axb4 axb4 38. f5 Rh1+ 39. Kd2 Rf1 40. b3 Rf2 41. Re8 Rf1 $2 (41... Rg2 $16 {is more resistant.} 42. Rc8 Rf2) 42. e3+ Kd5 43. Ke2 Rh1 44. f6 Rh2+ 45. Kd3 Rf2 46. e4+ $18 Kc6 47. Re6+ Kd7 48. Ra6 Rf3+ 49. Kc4 Rc3+ 50. Kd5 Rxb3 51. Ra7+ Ke8 52. Ke6 Ra3 53. Rb7 Ra6+ 54. Kf5 Ra2 55. e5 Ra1 56. e6 Rf1+ 57. Ke5 Re1+ 58. Kd5 Rd1+ 59. Kc6 {Kd7} 1-0

[Event "1st Irena Warakomska Memorial"]
[Site "Suwalki"]
[Date "2017.08.15"]
[Round "6"]
[White "Kulon, Klaudia"]
[Black "Mulet, Piotr"]
[Result "0-1"]
[ECO "C02"]
[WhiteElo "2359"]
[BlackElo "2295"]
[Annotator "NA"]
[PlyCount "134"]
[EventDate "2017.??.??"]
[EventType "swiss"]
[EventCountry "POL"]
[SourceTitle "playchess.com"]
[Source "ChessBase"]
[SourceQuality "1"]
[TimeControl "40/5400+30:1800+30"]

1. e4 e6 2. d4 d5 3. e5 c5 4. c3 Nc6 5. Nf3 Qb6 6. a3 f6 7. Bd3 fxe5 {C02: French: Advance Variation} 8. dxe5 (8. Nxe5 Nf6 9. O-O Bd6 10. dxc5 Bxc5 11. Qe2 Nxe5 12. Qxe5 O-O 13. Qe2 Kh8 14. b4 Bd6 15. c4 dxc4 16. Bxc4 {1-0 (56) Motylev,A (2649)-Riazantsev,A (2646) Berlin 2015}) 8... Nge7 9. O-O g6 $146 ({Find the theoretical novelty and annotate with similar games:} 9... Ng6 10. Re1 Be7 11. Bg5 O-O 12. Bxg6 hxg6 13. Bxe7 Nxe7 14. b4 cxb4 15. cxb4 {0-1 (22) Mrochen,M (2002)-Cueva,T (1963) Dos Hermanas 2004}) 10. b4 c4 11. Bc2 Bg7 12. Qe2 Qc7 13. Re1 Bd7 14. b5 Nd8 15. a4 Nf7 16. Ba3 Nf5 17. Nbd2 h5 18. Nf1 O-O-O 19. Ne3 Nxe5 20. Ng5 Rde8 21. f4 Ng4 22. Nxg4 hxg4 23. Bxf5 exf5 24. Qd2 Qb6+ 25. Kh1 Rxe1+ 26. Rxe1 g3 27. Nh3 d4 28. Qa2 Qc7 29. cxd4 Re8 30. Rd1 Re3 31. d5 Rb3 32. Rc1 Kb8 33. hxg3 Bf6 34. Ng1 Be8 35. Qe2 Bf7 36. Rxc4 Qd7 37. Bd6+ Qxd6 38. Qc2 Qd7 39. Qxb3 Bxd5 40. Nf3 Qe6 41. Qb4 Bxc4 42. Qf8+ Kc7 43. Qc5+ Kd7 44. Qxa7 Bd5 45. Qf2 Qe4 46. Qb6 Qe6 47. Qf2 Bxf3 48. Qxf3 Qe4 49. Qb3 Bd4 50. Qf7+ Kc8 51. Kh2 {[#]} Qe3 $1 52. Kh3 Qg1 53. Qe6+ Kc7 54. g4 $19 Qe3+ 55. Qxe3 Bxe3 56. a5 Bxf4 57. gxf5 gxf5 58. a6 b6 59. Kh4 Kc8 60. Kh5 Bb8 61. Kg5 f4 62. a7 Bxa7 63. Kxf4 Bb8+ 64. Kf5 Bg3 65. Kg4 Be1 66. Kf4 Kd7 67. g4 Kd6 0-1

[Event "1st Irena Warakomska Memorial"]
[Site "Suwalki"]
[Date "2017.08.15"]
[Round "6"]
[White "Szustakowski, Antoni"]
[Black "Goluch, Piotr"]
[Result "1-0"]
[ECO "B61"]
[WhiteElo "2235"]
[BlackElo "2360"]
[Annotator "NA"]
[PlyCount "97"]
[EventDate "2017.??.??"]
[EventType "swiss"]
[EventCountry "POL"]
[SourceTitle "playchess.com"]
[Source "ChessBase"]
[SourceQuality "1"]
[TimeControl "40/5400+30:1800+30"]

1. e4 c5 2. Nf3 d6 3. d4 cxd4 4. Nxd4 Nf6 5. Nc3 Nc6 6. Bg5 Bd7 7. Qd2 Rc8 8. f4 Nxd4 9. Qxd4 Qa5 10. Be2 {B61: Sicilian: Richter-Rauzer: 6...Bd7 7 Qd2} (10. e5 dxe5 11. fxe5 e6 12. O-O-O Bc6 13. Nb5 Bxb5 14. exf6 Bc6 15. h4 g6 16. Bc4 Bc5 17. Qe5 Bb6 18. Qd6 Bc5 19. Qe5 Bb4 20. Qe3 Qc5 21. Qe2 {½-½ (89) Grischuk,A (2752)-Dreev,A (2710) Apatity 2011}) 10... e5 $146 ({Predecessor:} 10... e6 11. O-O-O Be7 12. Bxf6 gxf6 13. Kb1 a6 14. Rhe1 Qc5 15. Qd2 Rc7 16. Bf3 O-O 17. Re3 {1-0 (35) Djuraev,S (2339)-Uribe,M (2414) Dresden 2008}) 11. Qd3 d5 12. Bxf6 dxe4 13. Qd5 Qxd5 14. Nxd5 Bc6 15. Bxe5 Bxd5 16. O-O-O Bc6 17. Bg4 Ra8 18. Rhe1 Bc5 19. Bf5 Bf2 20. Re2 e3 21. Bxg7 Rg8 22. Bd4 Rxg2 23. Bxe3 Bxe3+ 24. Rxe3+ Kf8 25. Rh3 Re8 26. Rxh7 Ree2 27. h3 Ref2 28. Rh4 Kg7 29. b3 Kf6 30. Bd3 Rh2 31. Rg1 Bg2 32. Rh6+ Ke7 33. Re1+ Kf8 34. f5 Rxh3 35. Rd6 Kg7 36. Rd7 Bc6 37. Rd6 Rh1 38. Rxh1 Bxh1 39. a4 Bc6 40. Kb2 f6 41. a5 a6 42. b4 Bg2 43. Kc3 Rf4 44. Rd4 Rf2 45. Kc4 Kf7 46. Rd7+ Ke8 47. Rh7 Kd8 48. Kc5 Kc8 $18 (48... Rf4 $142 49. Rf7 Rg4 50. Rxf6 Ke8) 49. Rh2 1-0

[Event "1st Irena Warakomska Memorial"]
[Site "Suwalki"]
[Date "2017.08.15"]
[Round "6"]
[White "Kyrychenko, Maryan"]
[Black "Stoma, Pawel"]
[Result "0-1"]
[ECO "B07"]
[WhiteElo "2219"]
[BlackElo "2348"]
[Annotator "NA"]
[PlyCount "176"]
[EventDate "2017.??.??"]
[EventType "swiss"]
[EventCountry "POL"]
[SourceTitle "playchess.com"]
[Source "ChessBase"]
[SourceQuality "1"]
[TimeControl "40/5400+30:1800+30"]

1. e4 d6 2. d4 e5 3. dxe5 dxe5 4. Qxd8+ Kxd8 5. Bc4 Be6 6. Bxe6 fxe6 7. Nc3 Nf6 8. Bg5 Bd6 9. O-O-O Ke7 10. Nge2 Nc6 11. h3 {B07: Pirc Defence: Miscellaneous Systems} (11. f3 a6 12. Kb1 b5 13. Nc1 Rhb8 14. Nd3 a5 15. Ne2 a4 16. Rhe1 Rd8 17. g3 Nb8 18. f4 h6 19. fxe5 hxg5 20. exd6+ cxd6 {½-½ (43) Espinosa Flores,R (2412)-Czebe,A (2468) Beijing 2008}) 11... a6 $146 ({Predecessor:} 11... h6 12. Be3 a6 13. g4 Rad8 14. Rdg1 Kf7 15. h4 b5 16. f3 Nd4 17. Bxd4 exd4 {0-1 (33) Molchanova,T (2315)-Ionescu Brandis,I (2252) Kishinev 2005}) 12. Rhf1 h6 13. Be3 b5 14. a3 Rhb8 15. f4 a5 16. fxe5 Nxe5 17. Bf4 b4 18. Nb1 Ra6 19. Nd4 g5 20. Bh2 Nc4 21. Bxd6+ cxd6 22. Rde1 a4 23. Nd2 Ne5 24. N2f3 bxa3 25. bxa3 Rab6 26. Nxe5 dxe5 27. Nf3 Nxe4 28. Nd2 Nxd2 29. Kxd2 Rb5 30. Re4 Rd8+ 31. Ke3 Rc8 32. Rxa4 Rxc2 33. Ra7+ Kd6 34. Ra6+ Kc5 35. Ke4 Re2+ 36. Kf3 Rbb2 37. Rc1+ Kd5 38. Rd1+ Red2 39. Ra5+ Kd4 40. Ra4+ Kd5 41. Ra5+ Kd6 42. Rxd2+ Rxd2 43. Ra8 Rd4 44. Rd8+ Kc5 45. Re8 Kd5 46. Ke3 Re4+ 47. Kd3 Ra4 48. Rd8+ Kc6 49. Rc8+ Kd6 50. Rd8+ Ke7 51. Rh8 e4+ 52. Ke3 Kf6 53. Rb8 h5 54. Rb4 Rxa3+ 55. Kxe4 h4 56. Rb2 Ra4+ 57. Ke3 {[#]} Kf5 $1 58. Rf2+ Ke5 59. Rb2 Ra3+ 60. Kf2 Kf4 $17 61. Rb4+ Kf5 62. Rb5+ e5 63. Rb4 Ra2+ 64. Kf3 Ra3+ 65. Kf2 e4 66. Rb8 Ra5 67. Ke3 Ra3+ 68. Kf2 Ra2+ 69. Ke3 Rxg2 70. Rf8+ Ke5 71. Re8+ Kf6 72. Rf8+ Kg7 73. Ra8 Rg3+ 74. Kxe4 Rxh3 75. Kf5 Rg3 76. Ra7+ Kh6 77. Ra8 Rf3+ 78. Kg4 Rf4+ 79. Kh3 Re4 80. Ra5 Kh5 81. Rb5 Re3+ 82. Kh2 h3 83. Rb8 Kh4 84. Rh8+ Kg4 85. Ra8 Re2+ 86. Kh1 Kh4 87. Ra4+ g4 88. Ra3 Re1+ 0-1

[Event "1st Irena Warakomska Memorial"]
[Site "Suwalki"]
[Date "2017.08.17"]
[Round "8"]
[White "Stoma, Pawel"]
[Black "Jaroch, Karol"]
[Result "1-0"]
[ECO "C00"]
[WhiteElo "2348"]
[BlackElo "2235"]
[Annotator "NA"]
[PlyCount "87"]
[EventDate "2017.??.??"]
[EventType "swiss"]
[EventCountry "POL"]
[SourceTitle "playchess.com"]
[Source "ChessBase"]
[SourceQuality "1"]
[TimeControl "40/5400+30:1800+30"]

1. e4 e6 2. d3 d5 3. Nd2 c5 4. Ngf3 Nc6 5. Be2 Nf6 6. O-O Be7 7. Re1 O-O 8. Bf1 b5 9. g3 Qb6 10. Bg2 dxe4 11. dxe4 e5 12. a4 b4 13. Nc4 Qc7 14. Bg5 Rd8 15. Nfd2 Ne8 16. Bxe7 Nxe7 17. c3 Be6 18. Qc2 Rab8 19. Rad1 f6 20. Bf1 Qc6 21. Na5 Qb6 22. Bc4 Nc7 23. Bxe6+ Nxe6 24. Ndc4 Qc7 25. Rxd8+ Rxd8 26. Kg2 Kf8 27. Rd1 bxc3 28. bxc3 Rxd1 29. Qxd1 Qd8 30. Qd6 Qxd6 31. Nxd6 Ng6 32. Nc6 a6 33. Kf3 Ne7 34. Nb8 a5 35. Nd7+ Kg8 36. Ke3 c4 37. Nxc4 Nc8 38. Nxa5 Kf7 39. Nc6 Nd6 40. Nb6 Nc5 41. a5 Ke6 42. Nb4 Ndxe4 43. a6 Nxa6 44. Kxe4 1-0

[Event "1st Irena Warakomska Memorial"]
[Site "Suwalki"]
[Date "2017.08.17"]
[Round "8"]
[White "Szustakowski, Antoni"]
[Black "Teclaf, Pawel"]
[Result "1/2-1/2"]
[ECO "A40"]
[WhiteElo "2235"]
[BlackElo "2373"]
[Annotator "NA"]
[PlyCount "85"]
[EventDate "2017.??.??"]
[EventType "swiss"]
[EventCountry "POL"]
[SourceTitle "playchess.com"]
[Source "ChessBase"]
[SourceQuality "1"]
[TimeControl "40/5400+30:1800+30"]

1. d4 e6 2. c4 b6 3. e4 Bb7 4. Bd3 Nc6 5. Ne2 Nb4 6. Nbc3 Nxd3+ 7. Qxd3 Ne7 8. d5 Ng6 9. f4 Bc5 10. Be3 exd5 11. cxd5 Ba6 12. Qxa6 Bxe3 13. g3 Bc5 14. O-O-O Ne7 15. Qd3 O-O 16. g4 d6 17. f5 c6 18. Nf4 cxd5 19. exd5 Re8 20. Ne4 Qc8 21. Kb1 Nxf5 22. gxf5 Qxf5 23. Nxc5 Qxf4 24. Nb3 Re3 25. Qc2 Rae8 26. Nc1 Qe5 27. Rd3 Rxd3 28. Qxd3 f5 29. Rf1 g6 30. Rf2 Rc8 31. Re2 Qf4 32. Qd2 Qf3 33. Re7 Kf8 34. Qg5 Rxc1+ 35. Kxc1 Qh1+ 36. Kd2 Qxd5+ 37. Ke2 Qc4+ 38. Kf2 Qd4+ 39. Kg2 h6 40. Qe3 Qg4+ 41. Kf1 Qc4+ 42. Kg1 Qg4+ 43. Kf1 1/2-1/2

[Event "1st Irena Warakomska Memorial"]
[Site "Suwalki"]
[Date "2017.08.17"]
[Round "8"]
[White "Czerw, Dawid"]
[Black "Czerwonski, Aleksander"]
[Result "1/2-1/2"]
[ECO "E04"]
[WhiteElo "2222"]
[BlackElo "2392"]
[Annotator "NA"]
[PlyCount "56"]
[EventDate "2017.??.??"]
[EventType "swiss"]
[EventCountry "POL"]
[SourceTitle "playchess.com"]
[Source "ChessBase"]
[SourceQuality "1"]
[TimeControl "40/5400+30:1800+30"]

1. d4 Nf6 2. c4 e6 3. Nf3 d5 4. g3 dxc4 5. Bg2 c5 6. O-O Nc6 7. dxc5 Qxd1 8. Rxd1 Bxc5 9. Nbd2 c3 10. bxc3 O-O 11. Nb3 Be7 12. Nfd4 Bd7 13. Nxc6 Bxc6 14. Bxc6 bxc6 15. c4 Ne4 16. Bb2 a5 17. f3 Nd6 18. Ba3 a4 19. Bxd6 Bxd6 20. Rxd6 axb3 21. Rxc6 Rfb8 22. c5 Rxa2 23. Rb1 g5 24. Rb6 Rc8 25. R6xb3 Rxe2 26. Rc3 Rd8 27. c6 Rdd2 28. c7 Rg2+ 1/2-1/2

[Event "1st Irena Warakomska Memorial"]
[Site "Suwalki"]
[Date "2017.08.18"]
[Round "9"]
[White "Czerwonski, Aleksander"]
[Black "Szustakowski, Antoni"]
[Result "0-1"]
[ECO "D39"]
[WhiteElo "2392"]
[BlackElo "2235"]
[Annotator "ChessBase"]
[PlyCount "76"]
[EventDate "2017.??.??"]
[EventType "swiss"]
[EventCountry "POL"]
[SourceTitle "playchess.com"]
[Source "ChessBase"]
[SourceQuality "1"]
[TimeControl "40/5400+30:1800+30"]

1. d4 Nf6 2. c4 e6 3. Nf3 d5 4. Bg5 Bb4+ 5. Nc3 dxc4 6. e4 c5 7. Bxc4 cxd4 8. Nxd4 Bxc3+ 9. bxc3 Qa5 10. Bxf6 Qxc3+ 11. Kf1 gxf6 12. Rc1 Qa5 13. Nb5 a6 14. Nd6+ Ke7 15. Be2 Nc6 16. Nc4 Qc5 17. Ne3 Qd6 18. Qc2 Rd8 19. g3 Nd4 20. Qb1 b5 21. Bd3 Bb7 22. Kg2 Rac8 23. Rhd1 Rxc1 24. Qxc1 Rc8 25. Qb2 Qe5 26. f4 Qc5 27. Bb1 Nc2 28. Qxc2 Qxe3 29. Qd3 Qxd3 30. Bxd3 f5 31. Re1 fxe4 32. Bxe4 Bxe4+ 33. Rxe4 Rc2+ 34. Kf3 Rxa2 35. f5 Rxh2 36. fxe6 fxe6 37. Re1 a5 38. Ra1 a4 0-1

[Event "1st Irena Warakomska Memorial"]
[Site "Suwalki"]
[Date "2017.08.18"]
[Round "9"]
[White "Teclaf, Pawel"]
[Black "Zochowski, Kacper"]
[Result "1-0"]
[ECO "C88"]
[WhiteElo "2373"]
[BlackElo "2239"]
[Annotator "ChessBase"]
[PlyCount "81"]
[EventDate "2017.??.??"]
[EventType "swiss"]
[EventCountry "POL"]
[SourceTitle "playchess.com"]
[Source "ChessBase"]
[SourceQuality "1"]
[TimeControl "40/5400+30:1800+30"]

1. e4 e5 2. Nf3 Nc6 3. Bb5 a6 4. Ba4 Nf6 5. O-O Be7 6. Re1 b5 7. Bb3 O-O 8. a4 Bb7 9. d3 d6 10. Nc3 b4 11. Nd5 Nxd5 12. Bxd5 Bf6 13. c3 Rb8 14. Be3 bxc3 15. bxc3 Na5 16. Bxb7 Rxb7 17. Qe2 Qa8 18. d4 Rfb8 19. Rad1 Rb2 20. Qd3 Nc6 21. Qc4 exd4 22. cxd4 R2b4 23. Qd5 Nd8 24. Qf5 Ne6 25. d5 Nf8 26. e5 dxe5 27. Nxe5 Rxa4 28. Nc6 Re8 29. Bc5 Qc8 30. Qc2 Rg4 31. h3 Rg5 32. Rxe8 Qxe8 33. Bxf8 Qxf8 34. h4 Rh5 35. g4 Qc8 36. gxh5 Qg4+ 37. Kf1 Qh3+ 38. Ke1 Bc3+ 39. Ke2 Qg4+ 40. Kd3 Bf6 41. Qe2 1-0

[Event "1st Irena Warakomska Memorial"]
[Site "Suwalki"]
[Date "2017.08.18"]
[Round "9"]
[White "Stoma, Pawel"]
[Black "Czerw, Dawid"]
[Result "1/2-1/2"]
[ECO "B27"]
[WhiteElo "2348"]
[BlackElo "2222"]
[Annotator "ChessBase"]
[PlyCount "55"]
[EventDate "2017.??.??"]
[EventType "swiss"]
[EventCountry "POL"]
[SourceTitle "playchess.com"]
[Source "ChessBase"]
[SourceQuality "1"]
[TimeControl "40/5400+30:1800+30"]

1. Nf3 c5 2. e4 g6 3. c3 Bg7 4. d4 cxd4 5. cxd4 d5 6. e5 Bg4 7. Qb3 Qd7 8. Nbd2 Nc6 9. h3 Bxf3 10. Nxf3 e6 11. Bd3 Nge7 12. Bd2 O-O 13. O-O f6 14. Rae1 f5 15. Qa3 h6 16. b4 a6 17. Qb2 Nc8 18. a4 N6e7 19. b5 a5 20. b6 Nc6 21. Rc1 N8e7 22. h4 Rfc8 23. Rc5 Bf8 24. Rfc1 Kf7 25. Ne1 Ng8 26. R5c2 Qd8 27. h5 g5 28. g4 1/2-1/2

[Event "1st Irena Warakomska Memorial"]
[Site "Suwalki"]
[Date "2017.08.18"]
[Round "9"]
[White "Plichta, Kamil"]
[Black "Sagar, Shah"]
[Result "1/2-1/2"]
[ECO "B12"]
[WhiteElo "2341"]
[BlackElo "2397"]
[Annotator "ChessBase"]
[PlyCount "190"]
[EventDate "2017.??.??"]
[EventType "swiss"]
[EventCountry "POL"]
[SourceTitle "playchess.com"]
[Source "ChessBase"]
[SourceQuality "1"]
[TimeControl "40/5400+30:1800+30"]

1. e4 c6 2. d4 d5 3. e5 Bf5 4. h4 h5 5. Bd3 Bxd3 6. Qxd3 Qa5+ 7. Nd2 Qa6 8. c4 e6 9. Ne2 Nd7 10. b3 Nh6 11. Qc3 Nf5 12. Nf3 dxc4 13. bxc4 Nb6 14. c5 Nd5 15. Qa3 Qxa3 16. Bxa3 O-O-O 17. Ng5 Rd7 18. Ne4 f6 19. g3 Be7 20. O-O Rg8 21. Bb2 g5 22. hxg5 fxg5 23. Kg2 g4 24. Rh1 h4 25. gxh4 Nxh4+ 26. Kf1 Rdd8 27. Bc1 Rdf8 28. Rb1 Rh8 29. Rb3 Nf3 30. Rxh8 Rxh8 31. Kg2 Rh3 32. Be3 a5 33. Nd6+ Bxd6 34. exd6 a4 35. Ra3 Ne1+ 36. Kg1 g3 37. Nxg3 Nc2 38. Rxa4 Ncxe3 39. Ra8+ Kd7 40. Rb8 Nf5 41. Ne4 Rh4 42. f3 Nxd4 43. Ng5 Rf4 44. Kf2 Rf5 45. Rxb7+ Kc8 46. Rg7 Rf8 47. a4 e5 48. a5 e4 49. Nxe4 Rxf3+ 50. Kg1 Ne6 51. Rh7 Rf4 52. d7+ Kc7 53. a6 Rxe4 54. a7 Ra4 55. d8=N+ Kxd8 56. a8=R+ Rxa8 57. Rh8+ Kc7 58. Rxa8 Nxc5 59. Ra7+ Kb6 60. Rh7 Ne4 61. Rh6 Ndf6 62. Rh2 Kb5 63. Rc2 Nc5 64. Kf2 Kb4 65. Rb2+ Kc3 66. Rb6 Nce4+ 67. Kg1 c5 68. Rc6 c4 69. Kg2 Kd4 70. Rxc4+ Kxc4 71. Kf3 Kd4 72. Kf4 Nd6 73. Kf3 Nd5 74. Ke2 Ke4 75. Kf2 Nc3 76. Kg3 Kf5 77. Kf3 Nc4 78. Kg3 Ne5 79. Kf2 Kf4 80. Kg2 Nd3 81. Kh3 Ne4 82. Kh4 Nf6 83. Kh3 Ne1 84. Kh4 Ng2+ 85. Kh3 Kf3 86. Kh2 Ng4+ 87. Kh3 Nf2+ 88. Kh2 Nf4 89. Kg1 Ke2 90. Kh2 Ne4 91. Kg1 Ke1 92. Kh2 Kf2 93. Kh1 Ne2 94. Kh2 Ng5 95. Kh1 Nf3 1/2-1/2

[Event "1st Irena Warakomska Memorial"]
[Site "Suwalki"]
[Date "2017.08.18"]
[Round "9"]
[White "Mulet, Piotr"]
[Black "Zylka, Stanislaw"]
[Result "1-0"]
[ECO "C34"]
[WhiteElo "2295"]
[BlackElo "2368"]
[Annotator "ChessBase"]
[PlyCount "119"]
[EventDate "2017.??.??"]
[EventType "swiss"]
[EventCountry "POL"]
[SourceTitle "playchess.com"]
[Source "ChessBase"]
[SourceQuality "1"]
[TimeControl "40/5400+30:1800+30"]

1. e4 e5 2. f4 exf4 3. Nf3 Ne7 4. d4 d5 5. e5 Ng6 6. Bd3 Be7 7. Bxg6 fxg6 8. Bxf4 O-O 9. Be3 c6 10. Nbd2 Na6 11. O-O Bf5 12. a4 Nc7 13. a5 Ne6 14. Rf2 g5 15. Nf1 Qd7 16. Qd2 h6 17. c3 Rf7 18. b4 Raf8 19. Ne1 Nf4 20. Ng3 Bh7 21. Qd1 Bg6 22. Raa2 Qe6 23. Rf1 h5 24. Raf2 h4 25. Bxf4 gxf4 26. Ne2 Qg4 27. h3 Qh5 28. a6 bxa6 29. Nf3 Be4 30. Qa4 g5 31. Qxc6 g4 32. hxg4 Qxg4 33. Nh2 Qg5 34. Nf3 Qg4 35. Nh2 Qg5 36. Nf3 Qf5 37. Nd2 Rg7 38. Nxe4 Qxe4 39. Qe6+ Kh7 40. Qh3 Bg5 41. Kh1 Kg8 42. Ng1 Be7 43. Re2 Qg6 44. Qf3 Qe6 45. Qh3 Qc6 46. Qd3 Rc8 47. Rf3 Rg3 48. Ra2 Qxc3 49. Rxg3+ hxg3 50. Qg6+ Kh8 51. Rxa6 Qc2 52. Qh5+ Kg7 53. Qg4+ Kf7 54. Rh6 Rf8 55. e6+ Ke8 56. Qh5+ Kd8 57. Qxd5+ Kc7 58. Qd7+ Kb6 59. Qxe7 f3 60. Qc5+ 1-0